 Dungeon Crawl Stone Soup version 0.28.0-1-gb440e238dd (webtiles) character file.

Game seed: 4446810145588267229

189 Destapler the Skirmisher (level 5, -1/42 HPs)
             Began as a Demonspawn Fighter on Feb 25, 2022.
             Slain by Edmund (11 damage)
             ... on level 4 of the Dungeon on Feb 26, 2022.
             The game lasted 00:06:50 (3878 turns).

Destapler the Skirmisher (Demonspawn Fighter)       Turns: 3878, Time: 00:06:51

Health: -1/42      AC:  8    Str: 18    XL:     5   Next: 40%
Magic:  15/15      EV:  9    Int:  9    God:
Gold:   435        SH:  5    Dex: 13    Spells: 4/4 levels left

rFire   . . .      SeeInvis +   a - +0 war axe
rCold   + . .      Faith    .   c - +0 buckler
rNeg    . . .      Spirit   .   b - +0 scale mail
rPois   .          Reflect  .   (no helmet)
rElec   .          Harm     .   (no cloak)
rCorr   .          Rampage  .   (no gloves)
Will    +....                   (no boots)
Stlth   ..........              (no amulet)
HPRegen 0.14/turn               k - ring "Paet" {rC+ MP+9 SInv}
MPRegen 0.14/turn               f - ring of willpower

@: no status effects
A: icy blue scales 1, foul stench 1
a: no special abilities


You were on level 4 of the Dungeon.
You visited 1 branch of the dungeon, and saw 4 of its levels.
You also visited: Ossuary.

You collected 435 gold pieces.

Inventory:

Hand Weapons
 a - a +0 war axe (weapon)
Armour
 b - a +0 scale mail (worn)
 c - a +0 buckler (worn)
Jewellery
 f - a ring of willpower (right hand)
 k - the ring "Paet" (left hand) {rC+ MP+9 SInv}
   (You found it on level 3 of the Dungeon)

   [ring of magical power]

   rC:        It protects you from cold.
   MP:        It affects your magic capacity (+9).
   SInv:      It lets you see invisible.
 l - a +4 ring of evasion
Wands
 o - a wand of mindburst (5)
Scrolls
 e - 2 scrolls of blinking
Potions
 d - 2 potions of might
 g - 2 potions of attraction
 m - a potion of curing {unknown}
 n - a potion of flight {unknown}


   Skills:
 - Level 4.0 Fighting
 - Level 3.0 Axes
 - Level 3.0 Armour
 + Level 3.8 Shields
 + Level 2.1 Invocations


You had 4 spell levels left.
You didn't know any spells.
Your spell library contained the following spells:

 Spells                   Type           Power      Damage    Failure   Level
 Static Discharge         Conj/Air       0%         N/A       94%         2
 Lightning Bolt           Conj/Air       0%         1d11      100%        5
 Maxwell's Capacitive Co  Air            0%         ∞         100%        8


Dungeon Overview and Level Annotations

Branches:
Dungeon (4/15)            Ossuary (visited)
 Temple: D:4-7

Altars:

Annotations:
D:3 3 runed translucent doors, Robin; daodarkstar's ghost, amateur DsFi
D:4 Edmund


Innate Abilities, Weirdness & Mutations

You are partially covered in icy blue scales. (AC +2)
You may rarely emit foul miasma when damaged in melee.


Message History

You hit the goblin.
You kill the goblin!
No target in view!
No target in view!
No target in view!
You hear the rapid rusting of a distant drain.
Edmund is nearby!
Edmund shouts!
You hit Edmund.
Edmund is lightly wounded.
Edmund hits you but does no damage.
You barely miss Edmund.
Edmund is lightly wounded.
Edmund barely misses you.
Edmund hits you with a +4 flail of holy wrath.
You convulse.
You hit Edmund.
Edmund is lightly wounded.
Edmund hits you with a +4 flail of holy wrath!
You convulse!
* * * LOW HITPOINT WARNING * * *
You hit Edmund.
Edmund is lightly wounded.
Edmund drinks a potion.
Edmund suddenly seems more resistant.
You hit Edmund.
Edmund is moderately wounded.
Edmund hits you with a +4 flail of holy wrath.
* * * LOW HITPOINT WARNING * * *
You convulse.
* * * LOW HITPOINT WARNING * * *
You are too injured to fight recklessly!
You are too injured to fight recklessly!
You are too injured to fight recklessly!
You are too injured to fight recklessly!
You are too injured to fight recklessly!
You hit Edmund but do no damage.
Edmund is moderately wounded.
You block Edmund's attack.
Edmund hits you with a +4 flail of holy wrath!
You die...

#.#.........#
...........##
.....(.....#
........##.#
..#........##
#
#####<....##
#.......#
#..@....#
#..@....#
##.....##
##.....##
#...<)..#
#.......#
#.......#
##.....##
##...## #####


You could see Edmund (resistant).

Vanquished Creatures
  A centaur zombie (Ossuary)
  3 mummies
  A gnoll (D:1)
  3 adders (D:3)
  5 ball pythons
  6 endoplasms
  4 giant cockroaches
  6 gnoll zombies (Ossuary)
  9 goblins
  9 hobgoblins
  7 jackals
  2 quokkas
  6 bats
  4 frilled lizards
  3 goblin zombies (Ossuary)
  3 hobgoblin zombies (Ossuary)
  6 kobolds
  An orc zombie (Ossuary)
  4 rats
83 creatures vanquished.

Notes
Turn   | Place    | Note
-------+----------+-------------------------------------------
     0 | D:1      | Destapler the Demonspawn Fighter began the quest for the
                  | Orb.
     0 | D:1      | Reached XP level 1. HP: 18/18 MP: 1/1
   169 | D:1      | Gained mutation: You may rarely emit foul miasma when
                  | damaged in melee. [demonic ancestry]
   169 | D:1      | Reached XP level 2. HP: 20/24 MP: 2/2
   678 | D:1      | Reached XP level 3. HP: 22/29 MP: 3/3
  2365 | D:3      | Identified the ring "Paet" {rC+ MP+9 SInv}
  2465 | D:3      | Gained mutation: You are partially covered in icy blue
                  | scales. (AC +2) [demonic ancestry]
  2465 | D:3      | Reached XP level 4. HP: 36/36 MP: 4/4
  2470 | D:3      | Found a runed translucent gate.
  2630 | D:3      | Found a runed translucent gate.
  2630 | D:3      | Found a runed translucent gate.
  2631 | D:3      | Noticed a kobold brigand
  2632 | D:3      | Noticed daodarkstar's ghost (amateur DsFi)
  2675 | D:3      | Found a faded altar of an unknown god.
  3323 | D:4      | Found a sand-covered staircase.
  3333 | Ossuary  | Entered an ossuary
  3570 | Ossuary  | Reached skill level 1 in Invocations
  3570 | Ossuary  | Reached XP level 5. HP: 42/42 MP: 5/5
  3586 | Ossuary  | Reached skill level 4 in Fighting
  3833 | D:4      | Noticed Edmund
  3855 | D:3      | Noticed Robin
  3878 | D:4      | Slain by Edmund

Illustrated notes

Levels and vault maps discovered:
D:1:      sevenhm_arrival_forest_fort_large_2, layout_basic,
          minmay_misc_feat_iff
D:2:      layout_basic
D:3:      layout_basic, gammafunk_ghost_nasty_kobolds,
          hellmonk_ecumenical_altar_leap_of_faith, uniq_robin, uniq_grinder
D:4:      layout_rooms, minmay_temple_entry_glass, nicolae_ossuary_entry_giza,
          portal_sewer_entry_f, uniq_edmund

Skill      XL: |  1  2  3  4  5 |
---------------+----------------+-----
Axes           | 2 3 |  3.0
Armour         | 3 |  3.0
Shields        | 3 |  3.8
Invocations    | 1 2 |  2.1
Fighting       | 4 |  4.0

Action                   |  1- 3 |  4- 6 || total
-------------------------+-------+-------++-------
Melee: War axe           |   135 |   135 ||   270
  Use: Scroll            |       |     5 ||     5
Armor: Scale mail        |    74 |    74 ||   148
Dodge: Dodged            |    81 |    71 ||   152
Block: Buckler           |    21 |    35 ||    56
